 Dungeon Crawl Stone Soup version 0.22-a0-284-g99d1f74 (webtiles) character file.

4 4thArraOfDagon the Grasshopper (level 1, -2/16 HPs)
             Began as a Formicid Warper on Mar 20, 2018.
             Killed from afar by Sigmund (9 damage)
             ... with a puff of flame
             ... on level 4 of the Dungeon.
             The game lasted 00:00:50 (157 turns).

4thArraOfDagon the Grasshopper (Formicid Warper)     Turns: 157, Time: 00:00:50

Health: -2/16      AC:  3    Str: 15    XL:     1   Next: 66%
Magic:  3/3        EV: 11    Int: 12    God:
Gold:   9          SH:  0    Dex: 10    Spells: 4/4 levels left

rFire    . . .     SeeInvis +   a - +0 falchion
rCold    . . .     Gourm    .   (no shield)
rNeg     . . .     Faith    .   b - +0 leather armour
rPois    .         Spirit   .   (helmet unavailable)
rElec    .         Reflect  .   (no cloak)
rCorr    .         Harm     .   (no gloves)
MR       .....                  (no boots)
Stlth    ..........             (no amulet)
HPRegen  0.05/turn              c - ring of loudness (curse)
MPRegen  0.08/turn              (no ring)

@: no status effects
A: permanent stasis, dig shafts and tunnels, four strong arms, antennae 3
a: Dig, Shaft Self


You were on level 4 of the Dungeon.
You were not hungry.

You visited 1 branch of the dungeon, and saw 3 of its levels.

You collected 9 gold pieces.

Inventory:

Hand Weapons
 a - a +0 falchion (weapon)
Missiles
 e - 5 tomahawks of dispersal (quivered)
Armour
 b - a +0 leather armour (worn)
Jewellery
 c - a cursed ring of loudness (left hand)
Scrolls
 d - a scroll of blinking
Comestibles
 f - 3 rations


   Skills:
 - Level 2.1 Fighting
 * Level 2.4 Long Blades
 - Level 1.0 Throwing
 - Level 1.1 Armour
 - Level 1.7 Dodging
 - Level 2.1 Spellcasting
   Level 2.6 Translocations


You had 4 spell levels left.
You didn't know any spells.

Dungeon Overview and Level Annotations

Branches:
Dungeon (2/15)

Altars:

Annotations:
D:4 Sigmund


Innate Abilities, Weirdness & Mutations

You cannot be hasted, slowed, berserked, paralysed or teleported.
You can dig through walls and to a lower floor.
Your four strong arms can wield two-handed weapons with a shield.
You have a pair of large antennae on your head. (SInv)


Message History

An ogre comes into view. It is wielding a giant club.
Unknown command.
Unknown command.
Unknown command.
You see here a club.
You extend your mandibles.
You dig through the rock wall.
An orc wizard comes into view. It is wielding a dagger.
The orc wizard shouts!
Found an escape hatch in the floor.
Unknown command.
Are you sure you want to shaft yourself?
You feel somewhat more hungry.
The orc wizard gestures wildly while chanting.
The orc wizard blinks!
You begin to dig a shaft.
You continue digging a shaft.
Sigmund points at you and mumbles some strange words.
The puff of flame hits you!
Ouch! That really hurt!
You die...

....≈≈≈ ...≈≈≈≈
..≈≈... ..≈≈.§. #.
..≈≈... .# ...
...≈≈≈≈ #.# #.#
##....≈≈≈ #.#
#.#####@# #.# #
#.##..).#
#.#.####.##.##.###
##O#...............#
##.........@........#
...)######.##.#..####
.##.# #.##.#..# #.#.#
#.##......
.##.######{......##.


You could see Sigmund.

Vanquished Creatures
  A leopard gecko (D:2)
  A hobgoblin (D:2)
  A rat (D:2)
3 creatures vanquished.

Notes
Turn   | Place    | Note
-------+----------+-------------------------------------------
     0 | D:1      | 4thArraOfDagon the Formicid Warper began the quest for the Orb.
     0 | D:1      | Reached XP level 1. HP: 16/16 MP: 3/3
   118 | D:2      | You fall through a shaft for 2 floors!
   118 | D:4      | Noticed Sigmund
   150 | D:4      | Noticed an ogre
   155 | D:4      | Noticed an orc wizard
   157 | D:4      | Killed from afar by Sigmund

Vault maps used:
D:1:      lemuel_arrival_broad_hall
D:2:      first_ration
D:4:      tgw_sif, uniq_pikel, uniq_sigmund

Action                   || total
-------------------------++-------
Melee: Falchion          ||    12
 Abil: Dig               ||     2
       Shaft Self        ||     2
Armor: Leather armour    ||     2
Dodge: Dodged            ||     8
       Rpst.: Falchion   ||     1

Table legend:
 A = Spawn XP
 B = Non-spawn XP
 C = Spawn XP percentage of total XP
 D = Spawn monster count
 E = Non-spawn monster count
 F = Spawn count percentage of total count
 G = Total turns spent on level
                    A         B        C        D         E        F      G
               +---------+---------+-------+---------+---------+-------+---------
         Total |       0 |       6 |   0.0 |       0 |       3 |   0.0 |   157
               +---------+---------+-------+---------+---------+-------+---------
           D:2 |       0 |       6 |   0.0 |       0 |       3 |   0.0 |    92
               +---------+---------+-------+---------+---------+-------+---------
